 Dungeon Crawl Stone Soup version 0.22.1-1-ga44c0e5 (webtiles) character file.

107 brandon the Firebug (level 4, -2/24 HPs)
             Began as a Deep Elf Fire Elementalist on Oct 5, 2018.
             Slain by a phantom (4 damage)
             ... on level 3 of the Dungeon.
             The game lasted 00:08:07 (3493 turns).

brandon the Firebug (Deep Elf Fire Elementalist)    Turns: 3493, Time: 00:08:07

Health: -2/24      AC:  2    Str:  5    XL:     4   Next: 56%
Magic:  1/12       EV: 13    Int: 21    God:
Gold:   91         SH:  0    Dex: 15    Spells: 1/11 levels left

rFire    . . .     SeeInvis .   d - +1 short sword (venom)
rCold    . . .     Gourm    .   (no shield)
rNeg     . . .     Faith    .   a - +0 robe
rPois    .         Spirit   .   (no helmet)
rElec    .         Reflect  .   (no cloak)
rCorr    .         Harm     .   (no gloves)
MR       .....                  (no boots)
Stlth    ++........             (no amulet)
HPRegen  0.08/turn              (no ring)
MPRegen  0.13/turn              (no ring)

@: no status effects
A: no striking features
a: no special abilities


You were on level 3 of the Dungeon.
You were not hungry.

You visited 1 branch of the dungeon, and saw 3 of its levels.

You collected 91 gold pieces.

Inventory:

Hand Weapons
 d - a +1 short sword of venom (weapon)
Armour
 a - a +0 robe (worn)
Scrolls
 e - 2 scrolls of teleportation {unknown}
 f - a scroll of magic mapping {unknown}
 g - 3 scrolls of immolation {unknown}
 h - a scroll of amnesia {unknown}
Potions
 b - 4 potions of flight {unknown}
 j - a potion of curing {unknown}
 k - a potion of might {unknown}
 l - a potion of heal wounds {unknown}
Comestibles
 c - 3 rations


   Skills:
 - Level 2.6 Dodging
 - Level 2.8 Stealth
 + Level 4.2 Spellcasting
 * Level 2.1 Conjurations
 + Level 4.7 Fire Magic


You had one spell level left.
You knew the following spells:

 Your Spells              Type           Power        Failure   Level  Hunger
a - Flame Tongue          Conj/Fire      ###..        3%          1    None
b - Throw Flame           Conj/Fire      ###...       4%          2    #......
c - Sticky Flame          Conj/Fire      ###.....     28%         4    ####...
d - Conjure Flame         Conj/Fire      ###.....     9%          3    ###....

Your spell library contained the following spells:

 Spells                   Type           Power        Failure   Level  Hunger
 Inner Flame              Hex/Fire       ##......     14%         3    ###....
 Fireball                 Conj/Fire      ###.......   63%         5    ######.


Dungeon Overview and Level Annotations

Branches:
Dungeon (3/15)

Altars:
Uskayaw


Message History

Aiming: Sticky Flame (quite dangerous; 28% risk of failure)
Press: ? - help, Shift-Dir - straight line, f/p - phantom
Aim: a phantom (severely damaged)
The sticky flame hits the phantom.
The phantom is severely damaged.
The phantom barely misses you.
Casting: Sticky Flame (quite dangerous; 28% risk of failure)
Confirm with . or Enter, or press ? or * to list all spells.
You don't have enough magic to cast that spell.
The phantom hits you!
* * * LOW HITPOINT WARNING * * *
There is a stone staircase leading up, spattered with blood here.
You hit the phantom.
The phantom is almost destroyed.
The phantom hits you.
* * * LOW HITPOINT WARNING * * *
You hit the phantom but do no damage.
The phantom is almost destroyed.
The phantom hits you.
You die...

........#.# #... ..##. ........#.#
#..# #.##. ..........# #..# #.##.
..........##########..# #.##.
......................# #.##.
...#....o....<........# #....
..........#########.#.# #>...
..........######....#.#######.###
.....ยง##.)......@W..#............
###.####.#######....##########.##
#.# #.# ##.#.######## .# #.# #.#
#.#......... .# ... ..#
#.########## ## #.# ### #.# #.#
#.# #.# ..#


You could see a phantom.

Vanquished Creatures
  4 adders (D:2)
  An ooze (D:1)
  2 worms (D:2)
  A leopard gecko (D:1)
  2 orcs
  5 bats
  2 giant cockroaches
  3 hobgoblins (D:1)
  7 jackals
  9 kobolds
  8 frilled lizards
  7 goblins
  8 rats
59 creatures vanquished.

Notes
Turn   | Place    | Note
-------+----------+-------------------------------------------
     0 | D:1      | brandon the Deep Elf Fire Elementalist began the quest for
                  | the Orb.
     0 | D:1      | Reached XP level 1. HP: 10/10 MP: 6/6
   262 | D:1      | Reached XP level 2. HP: 2/15 MP: 0/8
   559 | D:1      | Learned a level 2 spell: Throw Flame
  1196 | D:1      | Reached XP level 3. HP: 19/19 MP: 7/10
  1768 | D:2      | Noticed a dagger
  1768 | D:2      | Noticed a dagger
  1953 | D:2      | Reached XP level 4. HP: 24/24 MP: 2/11
  2396 | D:2      | Learned a level 4 spell: Sticky Flame
  2400 | D:2      | Learned a level 3 spell: Conjure Flame
  2559 | D:2      | Found a hide-covered altar of Uskayaw.
  3066 | D:3      | Noticed a phantom
  3493 | D:3      | Slain by a phantom

Skill      XL: |  1  2  3  4 |
---------------+-------------+-----
Fire Magic     | 4 |  4.7
Spellcasting   | 4 |  4.2
Conjurations   | 2 |  2.1
Dodging        | |  2.6
Stealth        | |  2.8

Action                   |  1- 3 |  4- 6 || total
-------------------------+-------+-------++-------
Melee: Short sword       |     2 |    12 ||    14
 Cast: Flame Tongue      |    42 |    30 ||    72
       Throw Flame       |    35 |    28 ||    63
       Sticky Flame      |       |     2 ||     2
  Eat: Chunk             |     4 |     3 ||     7
       Ration            |       |     1 ||     1
Armor: Robe              |     2 |     3 ||     5
Dodge: Dodged            |    11 |    33 ||    44
